 Dungeon Crawl Stone Soup version 0.24.0 (webtiles) character file.

Game seed: 5184730281958202067, levelgen mode: deterministic

779 heinrich the Covert (level 7, 0/51 HPs)
             Began as a Vampire Assassin on Feb 4, 2020.
             Slain by an ogre
             ... wielding a +0 giant spiked club
              (16 damage)
             ... on level 4 of the Dungeon.
             The game lasted 00:13:04 (3287 turns).

heinrich the Covert (Vampire Assassin)              Turns: 3287, Time: 00:13:05

Health: 0/51       AC:  4    Str: 10    XL:     7   Next: 54%
Magic:  7/7        EV: 20    Int: 14    God:
Gold:   156        SH:  0    Dex: 17    Spells: 6/6 levels left

rFire    . . .     SeeInvis +   a - +2 dagger
rCold    . . .     Gourm    .   (no shield)
rNeg     . . .     Faith    .   b - +0 robe
rPois    .         Spirit   .   (no helmet)
rElec    .         Reflect  .   c - +0 cloak
rCorr    .         Harm     .   (no gloves)
MR       .....                  q - +0 pair of boots
Stlth    +++++.....             (no amulet)
HPRegen  0.37/turn              g - ring of flight
MPRegen  0.10/turn              n - +6 ring of evasion

@: regenerating quickly, lightly drained
A: no food, fangs 3, see invisible, unbreathing
a: Exsanguinate, Evoke Flight


You were on level 4 of the Dungeon.
You were alive.

You visited 1 branch of the dungeon, and saw 4 of its levels.

You collected 156 gold pieces.

Inventory:

Hand Weapons
 a - a +2 dagger (weapon)
Missiles
 d - 18 poisoned darts (quivered)
 e - 2 curare-tipped darts
 o - 6 silver javelins
 v - a throwing net
 w - 9 javelins
Armour
 b - a +0 robe (worn)
 c - a +0 cloak (worn)
 q - a +0 pair of boots (worn)
Jewellery
 g - a ring of flight (left hand)
 n - a +6 ring of evasion (right hand)
 p - an uncursed amulet of harm
Wands
 s - a wand of iceblast (7)
Scrolls
 f - 2 scrolls of enchant weapon {unknown}
 j - 6 scrolls of identify
 k - 3 scrolls of remove curse {unknown}
 m - 2 scrolls of enchant armour {unknown}
 r - a scroll of magic mapping {unknown}
 y - 2 scrolls of teleportation {unknown}
Potions
 h - a potion of magic
 i - 2 potions of flight {unknown}
 l - a potion of brilliance
 t - a potion of haste {unknown}
 u - a potion of degeneration {unknown}
 x - a potion of agility {unknown}
 z - a potion of ambrosia {unknown}


   Skills:
 + Level 2.8(2.7) Fighting
 + Level 4.6 Short Blades
 + Level 2.0(1.9) Throwing
 + Level 3.6 Dodging
 * Level 10.9(10.8) Stealth
 + Level 0.1 Evocations


You had 6 spell levels left.
You didn't know any spells.
Your spell library was empty.

Dungeon Overview and Level Annotations

Branches:
Dungeon (4/15)
 Temple: D:4-7

Altars:
Cheibriados


Innate Abilities, Weirdness & Mutations

You do not eat.
Your natural rate of healing is unusually fast.
You have razor-sharp teeth.
You have supernaturally acute eyesight. (SInv)
You can survive without breathing.


Message History

The ogre is severely wounded.
The orc wizard gestures at you while chanting.
The magic dart hits you!
You hit the ogre. You bite the ogre, but do no damage.
The ogre is severely wounded.
The orc wizard points at you and mumbles some strange words.
The magic dart hits you! The ogre barely misses you.
Throwing (i - inventory. (/) - cycle)
d - 19 poisoned darts (quivered)
Press: ? - help, Shift-Dir - straight line, f/p - orc wizard
Aim: an orc wizard, wielding a +0 dagger and wearing a +0 robe (fast)
You throw a poisoned dart.
The poisoned dart barely misses the orc wizard.
The orc wizard gestures at you while chanting.
The magic dart hits you.
* * * LOW HITPOINT WARNING * * *
You hit the ogre.
The ogre is almost dead.
The orc wizard misses you.
The ogre hits you with a +0 giant spiked club!
You die...

#..........#......#
#.##.#####+#...##.#
#.#(...........#
#...!........#
#............#
#..........#....
#.........(#.#...
#o#+######.#.#...
#@# #.#.. .. #O# .#
#.# .. ..# ###


You could see an ogre and an orc wizard.

Vanquished Creatures
  Sigmund (D:2)
  A sky beast (D:2)
  A centaur (D:3)
  A scorpion (D:4)
  A hound (D:4)
  2 orc priests (D:4)
  A bullfrog skeleton (D:4)
  2 centaur skeletons (D:4)
  An orc wizard (D:4)
  A worker ant (D:4)
  4 gnolls (D:4)
  3 adders (D:2)
  An adder skeleton (D:4)
  An ooze (D:4)
  2 worms
  2 dart slugs (D:1)
  4 leopard geckos
  4 orcs
  8 giant cockroaches
  10 goblins
  13 hobgoblins
  9 jackals
  9 kobolds
  2 quokkas
  7 bats
  8 frilled lizards
  9 rats
108 creatures vanquished.

Notes
Turn   | Place    | Note
-------+----------+-------------------------------------------
     0 | D:1      | heinrich the Vampire Assassin began the quest for the Orb.
     0 | D:1      | Reached XP level 1. HP: 16/16 MP: 1/1
    29 | D:1      | Reached skill level 6 in Stealth
    55 | D:1      | Reached XP level 2. HP: 22/22 MP: 2/2
   212 | D:1      | Reached skill level 7 in Stealth
   335 | D:1      | Reached XP level 3. HP: 19/24 MP: 3/3
   892 | D:2      | Noticed Sigmund
   894 | D:2      | Killed Sigmund
   894 | D:2      | Reached skill level 9 in Stealth
   894 | D:2      | Reached XP level 4. HP: 30/33 MP: 4/4
   894 | D:2      | Reached XP level 5. HP: 34/38 MP: 5/5
  1145 | D:2      | Noticed a sky beast
  1178 | D:2      | HP: 1/38 [sky beast (5)]
  1265 | D:2      | Killed a sky beast
  1265 | D:2      | Reached XP level 6. HP: 22/45 MP: 6/6
  1888 | D:3      | Found a snail-covered altar of Cheibriados.
  1910 | D:3      | Reached skill level 10 in Stealth
  2555 | D:4      | Reached XP level 7. HP: 51/51 MP: 7/7
  3287 | D:4      | Slain by an ogre

Levels and vault maps discovered:
D:1:      dpeg_arrival_brainrot, layout_basic
D:2:      layout_loops_ring, uniq_sigmund
D:3:      layout_loops_ring, first_ration, cheibriados_altar_1
D:4:      minmay_general_purpose_star, layout_basic
